 Dungeon Crawl Stone Soup version 0.20.1-1-g8b1a95d (webtiles) character file.

133 Firecrotchwizard the Skirmisher (level 4, 0/41 HPs)
             Began as a Minotaur Fighter on Oct 15, 2017.
             Slain by Grinder (1 damage)
             ... on level 3 of the Dungeon.
             The game lasted 00:04:59 (2317 turns).

Firecrotchwizard the Skirmisher (Minotaur Fighter)  Turns: 2317, Time: 00:04:59

Health: 0/41       AC:  9    Str: 20    XL:     4   Next: 93%
Magic:  3/3        EV:  5    Int:  5    God:
Gold:   149        SH:  9    Dex: 11    Spells: 3/3 levels left

rFire    . . .     SeeInvis .   r - +0 flail (drain)
rCold    + . .     Gourm    .   c - +0 shield
rNeg     . . .     Faith    .   w - +0 chain mail
rPois    +         Spirit   .   (helmet restricted)
rElec    .         Reflect  .   (no cloak)
rCorr    .         Harm     .   (no gloves)
MR       .....                  (no boots)
Stlth    ..........             (no amulet)
Regen    0.2/turn               t - ring of protection from cold {rC+, !d}
MPRegen  0.1/turn               q - ring of poison resistance {rPois, !d}

@: no status effects
A: retaliatory headbutt, horns 2
a: no special abilities


You were on level 3 of the Dungeon.
You were hungry.

You visited 1 branch of the dungeon, and saw 3 of its levels.

You collected 149 gold pieces.

Inventory:

Hand Weapons
 a - a +0 flail
 r - a +0 flail of draining (weapon)
   (You found it on level 3 of the Dungeon)
Armour
 b - a +0 scale mail
 c - a +0 shield (worn)
 w - a +0 chain mail (worn)
   (You took it off an orc on level 3 of the Dungeon)
Jewellery
 e - an uncursed ring of protection from magic {MR+, !d}
   (You found it on level 1 of the Dungeon)
 g - an uncursed ring of protection from magic {MR+, !d}
   (You found it on level 2 of the Dungeon)
 q - a ring of poison resistance (right hand) {rPois, !d}
   (You found it on level 3 of the Dungeon)
 t - a ring of protection from cold (left hand) {rC+, !d}
   (You found it on level 3 of the Dungeon)
Scrolls
 j - 2 scrolls of teleportation {unknown}
 k - a scroll of recharging {unknown}
 l - a scroll of magic mapping {unknown}
 n - a scroll of blinking {unknown}
Potions
 d - 2 potions of might
 p - a potion of mutation {unknown}
 s - a potion of curing {unknown}
 u - a potion of ambrosia {unknown}
 v - a potion of magic {unknown}
 x - a potion of agility {unknown}
Comestibles
 f - 5 bread rations {@e1}
 h - 6 fruits
 i - a meat ration {@e2}
 m - a royal jelly
 o - 3 chunks of flesh {@w0}


   Skills:
 + Level 4.4 Fighting
 * Level 4.3 Maces & Flails
 + Level 4.4 Armour
 + Level 4.3 Shields


You had 3 spell levels left.
You didn't know any spells.

Dungeon Overview and Level Annotations

Branches:
Dungeon (3/15)

Altars:
Dithmenos

Annotations:
D:3 Grinder


Innate Abilities, Weirdness & Mutations

You reflexively headbutt those who attack you in melee.
You have a pair of horns on your head.


Message History

You block the kobold's attack. x2
You closely miss the kobold. Your headbutt misses the kobold.
The kobold hits you but does no damage.
You closely miss the kobold. Your headbutt misses the kobold.
The kobold completely misses you.
You barely miss the kobold. You block the kobold's attack. The kobold hits you.
You take 2 damage, and have 39/41 hp.
You miss the kobold. You block the kobold's attack.
You miss the kobold. The kobold hits you.
You take 2 damage, and have 37/41 hp.
You hit the kobold.
You kill the kobold!
No target in view!
There is a stone staircase leading down here.
A frilled lizard comes into view.
The frilled lizard hisses angrily.
Health restored: 41 A frilled lizard is nearby!
You miss the frilled lizard. You headbutt the frilled lizard.
You kill the frilled lizard!
No target in view!
You butcher the frilled lizard corpse.
o - 2 chunks of flesh {@w0} (gained 1)
You see here a centaur barding.
You see here 23 stones.
You see here a stone.
You see here 11 stones.
You see here a stone.
You see here a stone.
f - 5 bread rations {@e1} (gained 1)
A goblin comes into view. It is wielding a club.
You hit the goblin.
You kill the goblin!
No target in view!
Things that are here:
a club; a goblin corpse You butcher the goblin corpse.
o - 5 chunks of flesh {@w0} (gained 3)
You see here a club. x2
Some of the chunks of flesh in your inventory have rotted away.
An adder comes into view.
The adder hisses angrily.
The adder bites you but does no damage. x2
You barely miss the adder. Your headbutt misses the adder.
You block the adder's attack.
You miss the adder. The adder completely misses you. You furiously retaliate!
You headbutt the adder. The adder bites you.
You take 1 damage, and have 40/41 hp.
You barely miss the adder. You block the adder's attack. The adder bites you.
You take 3 damage, and have 37/41 hp.
You hit the adder. The adder bites you.
You take 3 damage, and have 34/41 hp.
You closely miss the adder. The adder bites you but does no damage.
The adder bites you.
You take 1 damage, and have 33/41 hp.
You miss the adder.
You headbutt the adder, but do no damage.
The adder bites you.
You take 2 damage, and have 31/41 hp.
You miss the adder. The adder bites you but does no damage.
You block the adder's attack.
You hit the adder.
You kill the adder!
You start resting.
Health restored: 41 Some of the chunks of flesh in your inventory have rotted away.
Found a shadowy altar of Dithmenos.
Grinder comes into view.
Grinder shouts!
Grinder hits you but does no damage.
You closely miss Grinder. Grinder gestures at you.
You barely resist. Grinder hits you.
You take 5 damage, and have 36/41 hp.
You hit Grinder. You headbutt Grinder. Grinder hits you but does no damage.
You hit Grinder. Grinder gestures at you.
You suddenly lose the ability to move!
Grinder barely misses you. Grinder gestures at you.
Pain shoots through your body! Grinder hits you but does no damage. x2
Grinder barely misses you. Grinder gestures at you.
Pain shoots through your body!
You can move again.
You take 12 damage, and have 24/41 hp.
MASSIVE DAMAGE!!
You sock Grinder! Your headbutt misses Grinder. Grinder hits you.
Grinder hits you!
* * * LOW HITPOINT WARNING * * *
You writhe in agony.
* * * LOW HITPOINT WARNING * * *
You take 15 damage, and have 9/41 hp.
MASSIVE DAMAGE!!
You are feeling hungry.
You hit Grinder. Your headbutt misses Grinder. Grinder hits you!
* * * LOW HITPOINT WARNING * * *
You writhe in agony.
You die...

######...)......##..#
).....###.###..####.#
#####.# #.###..# #.#
#.# #..##..# #.#
#####.####.##... #.#
............#.#§ #.#
#####.####..##§§§##.#
#.# ##.#§#§#§#.# #.#
.§§§_@§§.# #.#
§#.#5#§### #..
.§#.§.## ### #..#.#
##... ####


You could see Grinder.

Vanquished Creatures
  An orc wizard (D:3)
  Jessica (D:3)
  2 adders (D:3)
  A worm (D:2)
  3 leopard geckos
  4 orcs (D:3)
  2 giant cockroaches
  11 goblins
  3 hobgoblins (D:1)
  4 jackals (D:3)
  4 kobolds
  A quokka (D:2)
  3 bats
  4 frilled lizards
  A jackal zombie (D:3)
  A quokka skeleton (D:3)
  5 rats
51 creatures vanquished.

Notes
Turn   | Place    | Note
-------+----------+-------------------------------------------
     0 | D:1      | Firecrotchwizard the Minotaur Fighter began the quest for the Orb.
     0 | D:1      | Reached XP level 1. HP: 19/19 MP: 0/0
   167 | D:1      | Reached XP level 2. HP: 27/27 MP: 1/1
   664 | D:1      | Reached skill level 3 in Maces & Flails
  1052 | D:2      | Reached skill level 4 in Fighting
  1286 | D:2      | Reached XP level 3. HP: 33/33 MP: 2/2
  1708 | D:3      | Noticed Jessica
  1712 | D:3      | Killed Jessica
  1712 | D:3      | Reached skill level 4 in Armour
  1712 | D:3      | Reached skill level 4 in Shields
  1775 | D:3      | Reached XP level 4. HP: 40/40 MP: 3/3
  1787 | D:3      | Reached skill level 4 in Maces & Flails
  2305 | D:3      | Found a shadowy altar of Dithmenos.
  2306 | D:3      | Noticed Grinder
  2309 | D:3      | Paralysed by Grinder for 7 turns
  2316 | D:3      | HP: 9/41 [Grinder (2)]
  2317 | D:3      | HP: 1/41 [Grinder (8)]
  2317 | D:3      | Slain by Grinder

Skill      XL: |  1  2  3  4 |
---------------+-------------+-----
Maces & Flails | 3 4 |  4.3
Fighting       | 4 |  4.4
Armour         | 4 |  4.4
Shields        | 4 |  4.3

Action                   |  1- 3 |  4- 6 || total
-------------------------+-------+-------++-------
Melee: Flail             |    63 |    54 ||   117
       Headbutt          |    10 |     7 ||    17
  Eat: Chunk             |     3 |     1 ||     4
Armor: Scale mail        |    26 |     1 ||    27
       Chain mail        |       |    20 ||    20
Dodge: Dodged            |    19 |     7 ||    26
Block: Shield            |    30 |    27 ||    57

Vault maps used:
D:1:      lightli_molten_gateway, st_stairs_4, minmay_misc_feat_doors,
          hangedman_decor_growths, grunt_decor_cap
D:2:      minmay_tiny_reverse_x
D:3:      grunt_dithmenos_smoke_and_mirrors, minivault_11, uniq_jessica,
          uniq_grinder

Table legend:
 A = Turns spent in this place as a percentage of turns spent in the entire game.
 B = Non-inter-level travel turns spent in this place as a percentage of non-inter-level travel turns spent in the entire game.
 C = Inter-level travel turns spent in this place as a percentage of turns spent in this place.
 D = Turns resting spent in this place as a percentage of non-inter-level travel turns spent in this place.
 E = Turns spent auto-exploring this place as a percentage of non-inter-level travel turns spent in this place.
 F = Non-inter-level travel turns spent in this place divided by the number of levels of this place that you've seen.
                   A       B       C       D       E      F
               +-------+-------+-------+-------+-------+----------------------
         Total | 100.0 | 100.0 |   0.4 |   0.9 |  16.8 | 150.7
       Dungeon | 100.0 | 100.0 |   0.4 |   0.9 |  16.8 | 150.7
               +-------+-------+-------+-------+-------+----------------------

Table legend:
 A = Kills in this place as a percentage of kills in entire the game.
 B = Kills by you in this place as a percentage of kills by you in the entire game.
 C = Kills by friends in this place as a percentage of kills by friends in the entire game.
 D = Other kills in this place as a percentage of other kills in the entire game.
 E = Experience gained in this place as a percentage of experience gained in the entire game.
 F = Experience gained in this place divided by the number of levels of this place that you have seen.
                   A       B       C       D       E      F
               +-------+-------+-------+-------+-------+----------------------
         Total | 100.0 | 100.0 |  -nan |  -nan | 100.0 |  63.3
       Dungeon | 100.0 | 100.0 |  -nan |  -nan | 100.0 |  63.3
               +-------+-------+-------+-------+-------+----------------------
